 Dungeon Crawl Stone Soup version 0.27-a0-1144-g0b7d3b79db (webtiles) character file.

Game seed: 13396064511051196774

168 jien the Shield-Bearer (level 5, -4/33 HPs)
             Began as a Gargoyle Fighter on May 10, 2021.
             Slain by an orc
             ... wielding a +0 trident
              (5 damage)
             ... on level 3 of the Dungeon.
             The game lasted 00:02:56 (2052 turns).

jien the Shield-Bearer (Gargoyle Fighter)           Turns: 2052, Time: 00:02:57

Health: -4/33      AC: 11    Str: 21    XL:     5   Next: 49%
Magic:  5/5        EV:  7    Int:  8    God:
Gold:   100        SH:  0    Dex:  9    Spells: 4/4 levels left

rFire    . . .     SeeInvis .   a - +0 war axe
rCold    . . .     Faith    .   c - +0 kite shield
rNeg     + . .     Spirit   .   b - +0 scale mail
rPois    ∞         Reflect  .   (no helmet)
rElec    +         Harm     .   (no cloak)
rCorr    .         Rampage  .   (no gloves)
Will     .....                  (no boots)
Stlth    ..........             (no amulet)
HPRegen  0.11/turn              (no ring)
MPRegen  0.09/turn              (no ring)

@: confused
A: sickness immunity, AC +4, negative energy resistance 1, electricity
resistance, torment resistance 1, petrification resistance
a: no special abilities


You were on level 3 of the Dungeon.
You visited 1 branch of the dungeon, and saw 3 of its levels.

You collected 100 gold pieces.

Inventory:

Hand Weapons
 a - a +0 war axe (weapon)
Missiles
 e - 7 atropa-tipped darts (quivered)
Armour
 b - a +0 scale mail (worn)
 c - a +0 kite shield (worn)
Scrolls
 f - 2 scrolls of identify {unknown}
 g - a scroll of blinking {unknown}
 h - 2 scrolls of noise {unknown}
 i - a scroll of amnesia {unknown}
 j - a scroll of vulnerability {unknown}
 k - a scroll of torment {unknown}
 l - a scroll of magic mapping {unknown}
Potions
 d - 2 potions of might


   Skills:
 + Level 4.1 Fighting
 * Level 3.4 Axes
 + Level 4.1 Armour
 + Level 4.1 Shields


You had 4 spell levels left.
You didn't know any spells.
Your spell library was empty.

Dungeon Overview and Level Annotations

Branches:
Dungeon (3/15)

Altars:

Shops:
D:2 :


Innate Abilities, Weirdness & Mutations

You are immune to sickness and miasma.
Your stone body is resilient. (AC +4)
You are immune to poison.
You resist negative energy. (rN+)
You are resistant to electric shocks. (rElec)
You are resistant to unholy torment.
You are immune to petrification.


Message History

The orc wizard hits you with a +0 dagger.
* * * LOW HITPOINT WARNING * * *
The adder barely misses you.
You closely miss the orc wizard.
The orc wizard is moderately wounded.
You barely miss the adder. The orc hits you but does no damage.
The adder bites you but does no damage.
The orc wizard gestures at you while chanting.
The puff of flame hits you.
* * * LOW HITPOINT WARNING * * *
The orc barely misses you. You block the adder's attack.
You hit the orc wizard.
The orc wizard is heavily wounded.
You slash the adder!
You kill the adder!
The orc wizard hits you but does no damage.
You block the orc's attack.
The orc wizard casts a spell at itself.
The orc wizard flickers and vanishes!
Deactivating autopickup; reactivate with Ctrl-A.
Your shield and scale mail prevent you from hitting something.
The orc hits you but does no damage. Something completely misses you.
The orc hits you but does no damage. You block something's attack.
You miss something. The orc hits you but does no damage.
You hear some strange, mumbled words.
You are confused.
The orc hits you but does no damage.
You're too confused to move!
Something hits you but does no damage.
The orc hits you from afar with a +0 trident.
* * * LOW HITPOINT WARNING * * *
You miss something. Something hits you but does no damage.
The orc barely misses you. Something hits you but does no damage.
You bump into the rock wall.
The orc hits you from afar with a +0 trident.
* * * LOW HITPOINT WARNING * * *
Something hits you.
* * * LOW HITPOINT WARNING * * *
You completely miss something.
The orc hits you from afar with a +0 trident.
You die...

#.# #####.#### #
#........# .#
#.###.##.# #'##
##.##.# #...#
.##..##.# #.....
........# #o.....
##......####)......
...........@{......
##..#<..####)......
#..##..# #...... #.
##.# #..... # #.#
#...# ..# #'## ###
.# #


You could see an orc.

Vanquished Creatures
  A hound (D:2)
  An iguana (D:2)
  4 adders
  8 orcs (D:3)
  2 ball pythons (D:1)
  9 bats
  3 endoplasms
  2 giant cockroaches (D:1)
  6 goblins
  5 hobgoblins
  6 jackals (D:1)
  4 quokkas
  2 frilled lizards
  6 kobolds (D:1)
  5 rats
64 creatures vanquished.

Notes
Turn   | Place    | Note
-------+----------+-------------------------------------------
     0 | D:1      | jien the Gargoyle Fighter began the quest for the Orb.
     0 | D:1      | Reached XP level 1. HP: 14/14 MP: 1/1
   151 | D:1      | Reached XP level 2. HP: 19/19 MP: 2/2
   542 | D:1      | Reached XP level 3. HP: 23/23 MP: 3/3
  1166 | D:2      | Reached XP level 4. HP: 29/29 MP: 4/4
  1427 | D:2      | Reached XP level 5. HP: 33/33 MP: 5/5
  1453 | D:2      | Found Muz Emm's Book Emporium.
  1698 | D:3      | Found a faded altar of an unknown god.
  2051 | D:3      | HP: 1/33 [something (1)]
  2052 | D:3      | Slain by an orc

Illustrated notes

Levels and vault maps discovered:
D:1:      eino_arrival_cavern_a, layout_basic
D:2:      layout_basic, serial_shops, nicolae_shop_trees, minmay_tetromino_o2
D:3:      layout_loops_corners, okawaru_gym_becter,
          shapermc_ecumenical_altar_venn, serial_shops,
          nicolae_shop_behind_doors, shop, nrook_mini_vaults,
          minmay_fractal_squares_diagonal_5, uniq_natasha

Skill      XL: |  1  2  3  4 |
---------------+-------------+-----
Axes           | 2 3 |  3.4
Shields        | 4 |  4.1
Armour         | 4 |  4.1
Fighting       | 4 |  4.1

Action                   |  1- 3 |  4- 6 || total
-------------------------+-------+-------++-------
Melee: War axe           |   108 |   128 ||   236
Armor: Scale mail        |    75 |   128 ||   203
Dodge: Dodged            |    51 |    56 ||   107
Block: Kite shield       |    75 |    93 ||   168

Table legend: (Time is in decaauts)
 A = Elapsed time spent in this place.
 B = Non-inter-level travel time spent in this place.
 C = Inter-level travel time spent in this place.
 D = Time resting spent in this place.
 E = Time spent auto-exploring this place.
 F = Levels seen in this place.
 G = Mean time per level.
                   A        B        C        D        E       F      G
               +--------+--------+--------+--------+--------+-----+--------+
         Total |   2191 |   2156 |     35 |      0 |   1648 |   3 |  730.3 |
       Dungeon |   2191 |   2156 |     35 |      0 |   1648 |   3 |  730.3 |
               +--------+--------+--------+--------+--------+-----+--------+

Top non-repeatable levels by time:
     D:1: 1112 daAuts
     D:2: 686 daAuts
     D:3: 392 daAuts
